 Dungeon Crawl Stone Soup version 0.29-a0-334-gb41bcbb86e (webtiles) character file.

Game seed: 2483269276564906377

58 zishaf the Chiller (level 4, 0/28 HPs)
             Began as an Octopode Ice Elementalist on Apr 15, 2022.
             Succumbed to an adder's poison
             ... on level 2 of the Dungeon.
             The game lasted 00:03:03 (1786 turns).

zishaf the Chiller (Octopode Ice Elementalist)      Turns: 1786, Time: 00:03:03

Health: 0/28       AC:  1    Str:  7    XL:     4   Next: 1%
Magic:  1/7        EV: 13    Int: 19    God:
Gold:   121        SH:  5    Dex: 12    Spells: 3/7 levels left

rFire   . . .      SeeInvis .   c - +0 dagger
rCold   . . .      Faith    .   (no shield)
rNeg    . . .      Spirit   .   (helmet restricted)
rPois   .          Reflect  +   f - amulet of reflection
rElec   .          Harm     .   (no ring)
rCorr   .          Rampage  .   (no ring)
Will    .....                   (no ring)
Stlth   +++.......              (no ring)
HPRegen 0.09/turn               (no ring)
MPRegen 0.10/turn               (no ring)
                                (no ring)
                                (no ring)

@: lethally poisoned (0 -> -1), invisible
A: almost no armour, amphibious, 8 rings, camouflage 1, gelatinous body 1,
(nimble swimmer 1), tentacles, devolution 1
a: no special abilities


You were on level 2 of the Dungeon.
You visited 1 branch of the dungeon, and saw 2 of its levels.

You collected 121 gold pieces.

Inventory:

Hand Weapons
 c - a +0 dagger (weapon)
Jewellery
 f - an amulet of reflection (around mantle)
 q - an amulet of guardian spirit
Scrolls
 b - 4 scrolls of identify {unknown}
 d - a scroll of fog {unknown}
 e - a scroll of immolation {unknown}
 g - a scroll of teleportation {unknown}
 i - a scroll of fear {unknown}
 k - a scroll of brand weapon {unknown}
 l - a scroll of amnesia {unknown}
Potions
 a - a potion of magic
 h - a potion of lignification {unknown}
 j - a potion of degeneration {unknown}
 m - a potion of mutation
 n - a potion of haste {unknown}
 o - a potion of flight {unknown}
 p - a potion of invisibility
 r - a potion of curing {unknown}


   Skills:
 + Level 1.5 Fighting
 - Level 2.0 Dodging
 - Level 3.0 Stealth
 + Level 2.4 Spellcasting
 * Level 4.7 Ice Magic


You had 3 spell levels left.
You knew the following spells:

 Your Spells              Type           Power      Damage    Failure   Level
a - Freeze                Ice            80%        1d9       2%          1
b - Frozen Ramparts       Ice            40%        1d6       7%          3

Your spell library contained the following spells:

 Spells                   Type           Power      Damage    Failure   Level
 Ozocubu's Armour         Ice            20%        N/A       7%          3
 Hailstorm                Conj/Ice       11%        3d5       52%         4


Dungeon Overview and Level Annotations

Branches:
Dungeon (2/15)

Altars:


Innate Abilities, Weirdness & Mutations

You cannot wear most types of armour.
You are amphibious.
You can wear up to eight rings at the same time.
Your skin changes colour to match your surroundings (Stealth+).
Your rubbery body absorbs attacks. (AC +1, EV +1)
((You are camouflaged when in or above water. (Stealth+)))
You have tentacles for arms and can constrict up to eight enemies at once.
You have hidden genetic defects.


Message History

You freeze the adder!
You kill the adder!
* * * LOW HITPOINT WARNING * * *
You feel sick.
Casting: Freeze (safe; 2% risk of failure)
Confirm with . or Enter, or press ? or * to list all spells.
Aiming: Freeze (safe; 2% risk of failure)
Press: ? - help, Shift-Dir - straight line, f - hobgoblin
Aim: a hobgoblin You freeze the hobgoblin.
The hobgoblin is heavily wounded.
* * * LOW HITPOINT WARNING * * *
You feel sick. You block the hobgoblin's attack.
Casting: Freeze (safe; 2% risk of failure)
Confirm with . or Enter, or press ? or * to list all spells.
Aiming: Freeze (safe; 2% risk of failure)
Press: ? - help, Shift-Dir - straight line, f/p - hobgoblin
Aim: a hobgoblin (heavily wounded)
You freeze the hobgoblin.
The hobgoblin is almost dead.
* * * LOW HITPOINT WARNING * * *
You feel sick. The hobgoblin hits you.
* * * LOW HITPOINT WARNING * * *
Casting: Freeze (safe; 2% risk of failure)
Confirm with . or Enter, or press ? or * to list all spells.
Aiming: Freeze (safe; 2% risk of failure)
Press: ? - help, Shift-Dir - straight line, f/p - hobgoblin
Aim: a hobgoblin (almost dead)
You freeze the hobgoblin.
You kill the hobgoblin!
* * * LOW HITPOINT WARNING * * *
You feel sick.
You have reached level 4!
It was a potion of mutation.
You feel extremely strange.
You feel a hidden malignance growing inside you.
* * * LOW HITPOINT WARNING * * *
You feel sick.
It was a potion of invisibility.
You fade into invisibility!
You die...

##...###...###...##
#######...################
######## ##.......... ##
#...#.## ##.######..##
...#....#.###.## #....
#.....#...#.## #..#.
#.#.###.## #..##
#.######### #..#
#..@†...... ....
########### ####


There were no monsters in sight!

Vanquished Creatures
  An adder (D:2)
  3 endoplasms (D:2)
  5 giant cockroaches
  5 goblins
  3 hobgoblins
  4 jackals (D:2)
  3 kobolds (D:1)
  3 quokkas
  2 ball pythons
  7 bats
  A frilled lizard (D:1)
  7 rats
44 creatures vanquished.

Notes
Turn   | Place    | Note
-------+----------+-------------------------------------------
     0 | D:1      | zishaf the Octopode Ice Elementalist began the quest for
                  | the Orb.
     0 | D:1      | Reached XP level 1. HP: 11/11 MP: 3/3
   216 | D:1      | Reached XP level 2. HP: 18/18 MP: 5/5
   498 | D:1      | Reached skill level 1 in Fighting
   755 | D:1      | Reached XP level 3. HP: 23/23 MP: 6/6
   805 | D:1      | Learned a level 3 spell: Frozen Ramparts
  1785 | D:2      | Reached XP level 4. HP: 2/28 MP: 1/7
  1785 | D:2      | Gained mutation: You have hidden genetic defects. [potion
                  | of mutation]
  1785 | D:2      | HP: 1/28 [poisoned by an adder]
  1786 | D:2      | Succumbed to an adder's poison

Illustrated notes

Levels and vault maps discovered:
D:1:      minmay_arrival_diagonal_passages, layout_basic, hex_tiny
D:2:      layout_loops_ring, hellmonk_ecumenical_altar_leap_of_faith,
          hangedman_glass_teeth, grunt_ministairs_14, minmay_door_square

Skill      XL: |  1  2 |
---------------+-------+-----
Stealth        | 3 |  3.0
Fighting       | 1 |  1.5
Dodging        | |  2.0
Spellcasting   | |  2.4
Ice Magic      | |  4.7

Action                   |  1- 3 |  4- 6 || total
-------------------------+-------+-------++-------
Melee: Dagger            |    58 |       ||    58
       Constrict         |    12 |       ||    12
       Tentacles         |     9 |       ||     9
 Cast: Freeze            |    20 |       ||    20
       Frozen Ramparts   |     1 |       ||     1
  Use: Potion            |       |     2 ||     2
 Stab: Sleeping          |    15 |       ||    15
Armor: Skin              |     4 |       ||     4
Dodge: Dodged            |    29 |       ||    29
Block: Other             |    12 |       ||    12

Table legend: (Time is in decaauts)
 A = Elapsed time spent in this place.
 B = Non-inter-level travel time spent in this place.
 C = Inter-level travel time spent in this place.
 D = Time resting spent in this place.
 E = Time spent auto-exploring this place.
 F = Levels seen in this place.
 G = Mean time per level.
                   A        B        C        D        E       F      G
               +--------+--------+--------+--------+--------+-----+--------+
         Total |   1785 |   1743 |     42 |    114 |   1325 |   2 |  892.5 |
       Dungeon |   1785 |   1743 |     42 |    114 |   1325 |   2 |  892.5 |
               +--------+--------+--------+--------+--------+-----+--------+

Top non-repeatable levels by time:
     D:1: 1098 daAuts
     D:2: 686 daAuts
